 Dungeon Crawl Stone Soup version 0.27.0-1-g7a089689b8 (webtiles) character file.

Game seed: 16459288911344714296

2060 bnorton916 the Magician (level 9, -4/45 HPs)
             Began as a Deep Elf Conjurer on Aug 4, 2021.
             Was an Initiate of Vehumet.
             Shot with a sling bullet by Joseph (12 damage)
             ... on level 7 of the Dungeon.
             The game lasted 00:10:23 (7545 turns).

bnorton916 the Magician (Deep Elf Conjurer)         Turns: 7545, Time: 00:10:24

Health: -4/45      AC:  6    Str:  5    XL:     9   Next: 5%
Magic:  22/22      EV: 20    Int: 32    God:    Vehumet [......]
Gold:   273        SH:  0    Dex: 18    Spells: 1/23 levels left

rFire    . . .     SeeInvis .   (weapon currently unavailable)
rCold    . . .     Faith    .   (shield currently unavailable)
rNeg     . . .     Spirit   .   (armour currently unavailable)
rPois    x         Reflect  .   (helmet currently unavailable)
rElec    .         Harm     .   (cloak currently unavailable)
rCorr    .         Rampage  .   (gloves currently unavailable)
Will     .....                  (boots currently unavailable)
Stlth    ++........             (no amulet)
HPRegen  0.15/turn              r - +6 ring of intelligence
MPRegen  0.18/turn              n - +4 ring of protection

@: spider-form
A: venomous fangs, tiny
a: End Transformation, Renounce Religion


You were on level 7 of the Dungeon.
You worshipped Vehumet.
Vehumet was noncommittal.
You were a venomous arachnid creature.
You visited 2 branches of the dungeon, and saw 8 of its levels.

You collected 273 gold pieces.

Inventory:

Hand Weapons
 w - a +0 dagger of electrocution (melded)
Missiles
 m - 100 stones
Armour
 a - a +0 robe (melded)
Jewellery
 n - a +4 ring of protection (right front leg)
 r - a +6 ring of intelligence (left front leg)
 y - an amulet of faith
Wands
 t - a wand of paralysis (6)
Scrolls
 b - 2 scrolls of fear {unknown}
 d - 2 scrolls of enchant weapon {unknown}
 i - a scroll of magic mapping {unknown}
 j - 3 scrolls of immolation {unknown}
 l - 4 scrolls of identify {unknown}
 o - a scroll of amnesia {unknown}
 q - a scroll of enchant armour {unknown}
 s - a scroll of vulnerability {unknown}
 v - 2 scrolls of teleportation {unknown}
Potions
 c - 4 potions of curing
 e - 2 potions of haste {unknown}
 f - a potion of lignification {unknown}
 g - 2 potions of brilliance {unknown}
 h - a potion of ambrosia {unknown}
 k - a potion of attraction {unknown}
 p - 3 potions of flight {unknown}
 u - a potion of heal wounds {unknown}
 x - a potion of mutation {unknown}


   Skills:
 - Level 2.4 Dodging
 - Level 2.4 Stealth
 - Level 7.7 Spellcasting
 - Level 7.4 Conjurations
 - Level 4.9 Hexes
 - Level 4.0 Translocations
 + Level 4.2 Transmutations
 + Level 4.2 Fire Magic
 + Level 4.2 Poison Magic


You had one spell level left.
You knew the following spells:

 Your Spells              Type           Power      Damage    Failure   Level
a - Magic Dart            Conj           100%       1d8       2%          1
b - Searing Ray           Conj           100%       3d7       2%          2
c - Fulminant Prism       Conj/Hex       25%        3d14      11%         4
d - Iskenderun's Mystic   Conj/Tloc      49%        2d11      12%         4
e - Ignition              Fire           19%        3d7       100%        8
f - Spider Form           Tmut/Pois      19%        N/A       8%          3

Your spell library contained the following spells:

 Spells                   Type           Power      Damage    Failure   Level
 Dazzling Flash           Conj/Hex       100%       N/A       4%          3
 Ensorcelled Hibernation  Hex/Ice        56%        N/A       9%          2
 Olgreb's Toxic Radiance  Pois           39%        N/A       19%         4
 Shadow Creatures         Summ           N/A        N/A       100%        6
 Ozocubu's Refrigeration  Ice            6%         4d6       100%        7


Dungeon Overview and Level Annotations

Branches:
Dungeon (7/15)             Temple (1/1) D:7

Altars:
Ashenzari
Cheibriados
Dithmenos
Elyvilon
Fedhas
Gozag
Hepliaklqana
Kikubaaqudgha
Makhleb
Nemelex Xobeh
Okawaru
Qazlal
Ru
Sif Muna
Trog
Uskayaw
Vehumet
Wu Jian
Xom
Zin
The Shining One

Annotations:
D:7 Joseph


Message History

Found a sparkling altar of Nemelex Xobeh.
Found a snail-covered altar of Cheibriados.
There is a glowing silver altar of Zin here.
There is a radiant altar of Vehumet here.
You kneel at the altar of Vehumet.
Vehumet welcomes you!
Unknown command.
Press < or > to pray at altars.
There is a staircase back to the Dungeon here.
Casting: Spider Form (safe; 1% risk of failure)
Confirm with . or Enter, or press ? or * to list all spells.
You turn into a venomous arachnid creature.
Your +0 dagger of electrocution melds into your body.
Your +0 robe melds into your body.
Your +0 dagger of electrocution stops crackling.
You climb upwards.
Welcome back to the Dungeon!
Level annotation: Joseph Joseph unwields a +0 hunting sling.
Joseph wields a +0 quarterstaff.
Joseph hits you but does no damage. Joseph hits you with a +0 quarterstaff!
There is a staircase to the Ecumenical Temple here.
You barely miss Joseph. Joseph hits you with a +0 quarterstaff!
You hit Joseph but do no damage.
Joseph is poisoned.
Joseph completely misses you.
You hit Joseph.
Joseph is lightly wounded.
Joseph barely misses you.
You hit Joseph but do no damage.
Joseph looks as sick as possible!
Joseph is lightly wounded.
Joseph misses you.
You hit Joseph but do no damage.
Joseph looks as sick as possible!
Joseph is lightly wounded.
Joseph hits you with a +0 quarterstaff!
* * * LOW HITPOINT WARNING * * *
It was a potion of curing.
You feel better. Joseph hits you with a +0 quarterstaff!
* * * LOW HITPOINT WARNING * * *
Joseph unwields a +0 quarterstaff.
Joseph wields a +0 hunting sling.
Joseph shoots a sling bullet.
The sling bullet completely misses you.
Joseph shoots a sling bullet.
The sling bullet hits you!
You die...

..........#.##...@..#.....#...
.......#.......##.#.#.........
.........##.#.....#.......####
.......#....#..##@...#....#
.........##.......##.#....##
##...##......##.#...........#
##.......##....#...##..###.#
##...##.................###.#
...#.##.........s.......... .
####.##..........#.........
.................#..........
####.###........#...........
##..##...........#.#......
#..###..........##.##.........##
##.####..........##.##..........#
.................##.##...........
.######..........##.##.........#


You could see Joseph (very poisoned).

Vanquished Creatures
  4 yaks
  Eustachio (D:6)
  A steam dragon (D:7)
  2 black bears
  A centaur (D:6)
  A sky beast (Temple)
  A necrophage (D:6)
  2 scorpions (D:7)
  A wyvern skeleton (D:6)
  2 water moccasin skeletons (D:6)
  2 centaur zombies
  A hound (D:4)
  3 centaur skeletons
  2 orc priests
  A bullfrog skeleton (D:4)
  An orc wizard (D:6)
  A killer bee zombie (D:6)
  A hound zombie (D:5)
  8 adders
  A howler monkey skeleton (D:6)
  2 white imps
  2 adder zombies (D:4)
  2 worms
  2 dart slugs
  11 orcs
  7 ball pythons
  2 bats (D:3)
  6 endoplasms
  4 giant cockroaches
  10 goblins
  2 hobgoblins (D:2)
  9 jackals
  5 kobolds
  3 quokkas
  3 frilled lizards (D:2)
  4 rats
111 creatures vanquished.

Vanquished Creatures (others)
  2 fulminant prisms (D:7)
2 creatures vanquished.

Grand Total: 113 creatures vanquished

Notes
Turn   | Place    | Note
-------+----------+-------------------------------------------
     0 | D:1      | bnorton916 the Deep Elf Conjurer began the quest for the
                  | Orb.
     0 | D:1      | Reached XP level 1. HP: 10/10 MP: 6/6
   210 | D:1      | Reached XP level 2. HP: 15/15 MP: 3/8
   545 | D:1      | Found a faded altar of an unknown god.
  1140 | D:1      | Learned a level 2 spell: Searing Ray
  1219 | D:2      | Reached skill level 5 in Conjurations
  1219 | D:2      | Reached XP level 3. HP: 19/19 MP: 5/10
  2048 | D:3      | Reached XP level 4. HP: 21/24 MP: 7/12
  2252 | D:3      | Reached skill level 5 in Spellcasting
  2683 | D:4      | Learned a level 4 spell: Fulminant Prism
  2688 | D:4      | Learned a level 4 spell: Iskenderun's Mystic Blast
  2891 | D:4      | Reached XP level 5. HP: 28/28 MP: 8/14
  3458 | D:4      | Reached skill level 1 in Hexes
  3458 | D:4      | Reached skill level 1 in Translocations
  3774 | D:5      | Entered Level 5 of the Dungeon
  3841 | D:5      | Reached XP level 6. HP: 31/32 MP: 7/17
  4440 | D:5      | Found a hazy altar of Hepliaklqana.
  4911 | D:6      | Noticed Eustachio
  4919 | D:6      | Killed Eustachio
  4920 | D:6      | Reached XP level 7. HP: 36/36 MP: 10/19
  5480 | D:6      | Reached XP level 8. HP: 22/41 MP: 16/21
  6010 | D:6      | Learned a level 8 spell: Ignition
  6014 | D:6      | Learned a level 3 spell: Spider Form
  6116 | D:7      | Reached skill level 1 in Transmutations
  6116 | D:7      | Reached skill level 1 in Fire Magic
  6116 | D:7      | Reached skill level 1 in Poison Magic
  6976 | D:7      | Reached XP level 9. HP: 41/45 MP: 16/22
  7037 | D:7      | Found a staircase to the Ecumenical Temple.
  7050 | D:7      | Noticed Joseph
  7067 | Temple   | Entered the Ecumenical Temple
  7516 | Temple   | Became a worshipper of Vehumet
  7545 | D:7      | Shot with a sling bullet by Joseph

Illustrated notes

Levels and vault maps discovered:
D:1:      nicolae_arrival_memento_mori, layout_rooms,
          shapermc_ecumenical_altar_notcrosses
D:2:      layout_rooms, minmay_misc_feat_iff, grunt_decor_arrowhead,
          minmay_goblin_outpost
D:3:      layout_basic
D:4:      minmay_chambers_of_threes, layout_cave_pools
D:5:      layout_gridville, mainiacjoe_overflow_cross_hatched
D:6:      layout_rooms, uniq_eustachio
D:7:      layout_rooms, minmay_temple_entry_ruins, uniq_joseph
Temple:   regret_index_temple_sigil_plot

Skill      XL: |  1  2  3  4  5  6  7  8 |
---------------+-------------------------+-----
Spellcasting   | 4 5 6 7 |  7.7
Conjurations   | 5 6 7 |  7.4
Hexes          | 1 3 4 |  4.9
Translocations | 1 2 4 |  4.0
Transmutations | 4 |  4.2
Fire Magic     | 4 |  4.2
Poison Magic   | 4 |  4.2
Dodging        | |  2.4
Stealth        | |  2.4

Action                   |  1- 3 |  4- 6 |  7- 9 || total
-------------------------+-------+-------+-------++-------
Melee: Dagger            |       |       |     3 ||     3
       Unarmed           |       |       |    11 ||    11
 Cast: Magic Dart        |    79 |    86 |    37 ||   202
       Searing Ray       |     3 |    14 |    15 ||    32
       Iskenderun's Myst |       |       |     3 ||     3
       Spider Form       |       |       |     4 ||     4
       Fulminant Prism   |       |       |     2 ||     2
  Use: Potion            |       |       |     1 ||     1
Armor: Robe              |       |    10 |     8 ||    18
       Skin              |       |       |     1 ||     1
Dodge: Dodged            |     7 |    17 |    29 ||    53
